 Dungeon Crawl Stone Soup version 0.30.0-16-gbe6223bb7e (webtiles) character file.

Game seed: 6188887104509791917

1927 avis the Cleaver (level 9, -12/74 HPs)
             Began as a Hill Orc Fighter on May 20, 2023.
             Was a Follower of Beogh.
             Hit by a large rock thrown by a cyclops (26 damage)
             ... on level 8 of the Dungeon.
             The game lasted 00:29:38 (6161 turns).

avis the Cleaver (Hill Orc Fighter)                 Turns: 6161, Time: 00:29:41

Health: -12/74     AC: 14    Str: 25    XL:     9   Next: 17%
Magic:  15/15      EV:  6    Int: 12    God:    Beogh [*.....]
Gold:   437        SH:  4    Dex: 10    Spells: 8/8 levels left

rFire   . . .        a - +7 hand axe of the Goat {elec, rElec rN+ Str-4 Int+4 Stlth+}
rCold   x . .        c - +0 buckler
rNeg    + . .        e - +0 plate armour
rPois   .            (no helmet)
rElec   +            z - +0 cloak of Catatonia {Fly rElec rC-}
rCorr   .            b - +0 pair of gloves
SInv    .            (no boots)
Will    .....        (no amulet) Stlth
                     j - +6 ring of strength
HPRegen 0.32/turn    (no ring)
MPRegen 0.14/turn

%: no passive effects
@: flying
A: no striking features
a: Renounce Religion


You were on level 8 of the Dungeon.
You worshipped Beogh.
Beogh was aware of your devotion.
You visited 2 branches of the dungeon, and saw 9 of its levels.

You collected 437 gold pieces.

Inventory:

Hand Weapons
 a - the +7 hand axe of the Goat (weapon) {elec, rElec rN+ Str-4 Int+4 Stlth+}
   (You found it on level 5 of the Dungeon)

   Str:       It affects your strength (-4).
   Int:       It affects your intelligence (+4).
   rElec:     It insulates you from electricity.
   rN:        It protects you from negative energy.
   Stlth:     It makes you more stealthy.
 l - a +0 war axe
Missiles
 u - a boomerang of dispersal
 y - 3 poisoned darts
Armour
 b - a +0 pair of gloves (worn)
 c - a +0 buckler (worn)
 e - a +0 plate armour (worn)
 z - the +0 cloak of Catatonia (worn) {Fly rElec rC-}
   (You found it on level 5 of the Dungeon)

   rC:        It makes you vulnerable to cold.
   rElec:     It insulates you from electricity.
   Fly:       It grants you flight.
Jewellery
 j - a +6 ring of strength (left hand)
Wands
 x - a wand of mindburst (10) (quivered)
Scrolls
 f - 2 scrolls of immolation {unknown}
 i - 4 scrolls of teleportation
 q - a scroll of silence {unknown}
 s - 3 scrolls of noise {unknown}
 t - 2 scrolls of poison {unknown}
 w - a scroll of brand weapon {unknown}
 F - a scroll of torment {unknown}
 H - a scroll of summoning {unknown}
 N - a scroll of magic mapping {unknown}
Potions
 d - 3 potions of might
 g - 3 potions of cancellation
 h - a potion of invisibility {unknown}
 k - 3 potions of flight
 m - a potion of lignification {unknown}
 n - 2 potions of haste
 p - a potion of curing {unknown}
 v - 3 potions of brilliance
 A - 4 potions of heal wounds {unknown}


   Skills:
 + Level 5.1 Fighting
 * Level 11.4 Axes
 - Level 4.0 Armour
 - Level 4.0 Shields
 * Level 8.5 Invocations


You had 8 spell levels left.
You didn't know any spells.
Your spell library contained the following spells:

 Spells                   Type           Power      Damage    Failure   Level
 Sandblast                Erth           0%         2d4       99%         1
 Ensorcelled Hibernation  Hex/Ice        0%         N/A       100%        2
 Lesser Beckoning         Tloc           0%         N/A       100%        2
 Passwall                 Tmut/Erth      0%         N/A       100%        2
 Gell's Gravitas          Tloc           0%         N/A       100%        3
 Stone Arrow              Conj/Erth      0%         3d7       100%        3
 Swiftness                Air            0%         N/A       100%        3
 Teleport Other           Tloc           0%         N/A       100%        3


Dungeon Overview and Level Annotations

Branches:
Dungeon (8/15)             Temple (1/1) D:4
   Lair: D:8-11

Altars:
Dithmenos
Elyvilon
Fedhas
Gozag
Hepliaklqana
Kikubaaqudgha
Makhleb
Nemelex Xobeh
Okawaru
Qazlal
Ru
Sif Muna
Uskayaw
Vehumet
Wu Jian
Xom
Yredelemnul
Zin
The Shining One

Shops:
D:7 *


Message History

Aim: a cyclops, quivering large rocks (lightly wounded, very poisoned, 85% to hit)
You throw a poisoned dart.
The poisoned dart barely misses the cyclops.
The cyclops throws a large rock.
The large rock hits you!!
Throw: 6 darts (poison)
Press: ? - help, Q - select action, (/) - cycle Shift-Dir - straight line, f/p - cyclops
Aim: a cyclops, quivering large rocks (lightly wounded, very poisoned, 85% to hit)
You throw a poisoned dart. The poisoned dart hits the cyclops.
The cyclops looks even sicker.
The cyclops is lightly wounded.
Throw: 5 darts (poison)
Press: ? - help, Q - select action, (/) - cycle Shift-Dir - straight line, f/p - cyclops
Aim: a cyclops, quivering large rocks (lightly wounded, very poisoned, 85% to hit)
You throw a poisoned dart. The poisoned dart hits the cyclops.
The cyclops is lightly wounded.
The cyclops throws a large rock.
The large rock hits you!!
Throw: 4 darts (poison)
Press: ? - help, Q - select action, (/) - cycle Shift-Dir - straight line, f/p - cyclops
Aim: a cyclops, quivering large rocks (lightly wounded, very poisoned, 85% to hit)
You throw a poisoned dart. The poisoned dart hits the cyclops.
The cyclops looks as sick as possible!
The cyclops is lightly wounded.
Aiming: Corrosive Bolt
Press: ? - help, Shift-Dir - straight line, f/p - cyclops
Aim: a cyclops, quivering large rocks (heavily wounded, very poisoned, 98% to hit)
The bolt of acid hits the cyclops!
The acid corrodes the cyclops!
The cyclops is severely wounded.
The now-empty wand crumbles to dust.
Aiming: Mindburst
Press: ? - help, Q - select action, (/) - cycle Shift-Dir - straight line, f/p - cyclops
Aim: a cyclops, quivering large rocks (almost dead, very poisoned, chance to affect: 47%)
The cyclops resists with some effort.
The cyclops throws a large rock.
The large rock hits you!
* * * LOW HITPOINT WARNING * * *
Aiming: Mindburst
Press: ? - help, Q - select action, (/) - cycle Shift-Dir - straight line, f/p - cyclops
Aim: a cyclops, quivering large rocks (almost dead, very poisoned, chance to affect: 47%)
The cyclops resists with some effort.
The cyclops throws a large rock.
The large rock hits you!!
You die...

#.# ... (.#####.# ..#
#.(C(...# #.# #C# #.#
#.# #.# #.# #.######
#.# #......######C#
#<....@.......##
######.#####...## #.#
#.###.####.## #.# #.#
#.......# #>#
#.###.####.##
##########.####....##
.......<...)....#.##
#############.###.#
#.# #.#


You could see a cyclops (very poisoned).

Vanquished Creatures
  2 sky beasts
  A black bear (D:5)
  2 ogres
  A centaur (D:7)
  A phantom (D:5)
  A kobold brigand (D:6)
  2 bullfrogs (D:7)
  3 scorpions
  4 wights (D:6)
  A howler monkey (D:6)
  An orc priest (D:6)
  5 hounds
  2 gnoll boudas
  3 sleepcaps
  3 iguanas
  An orc wizard (D:4)
  10 gnolls
  6 adders
  2 white imps
  2 ufetubi
  6 worms
  A dart slug (D:5)
  8 orcs
  6 ball pythons
  3 bats
  5 endoplasms
  3 giant cockroaches
  2 goblins (D:2)
  10 hobgoblins
  11 jackals
  11 kobolds
  3 quokkas
  3 frilled lizards
  2 rats (D:2)
127 creatures vanquished.

Notes
Turn   | Place    | Note
-------+----------+-------------------------------------------
     0 | D:1      | avis the Hill Orc Fighter began the quest for the Orb.
     0 | D:1      | Reached XP level 1. HP: 19/19 MP: 1/1
    46 | D:1      | Reached skill level 3 in Axes
   140 | D:1      | Reached XP level 2. HP: 27/27 MP: 2/2
   172 | D:1      | Found a faded altar of an unknown god.
   582 | D:1      | You fall into a shaft and drop 1 floor!
   600 | D:2      | Reached skill level 4 in Axes
   600 | D:2      | Reached XP level 3. HP: 23/33 MP: 3/3
   921 | D:1      | Reached skill level 5 in Axes
   929 | D:1      | Reached XP level 4. HP: 39/40 MP: 4/4
  2136 | D:3      | Reached XP level 5. HP: 39/46 MP: 5/5
  2175 | D:3      | Found a sparkling altar of Nemelex Xobeh.
  2333 | D:3      | Found an ancient bone altar of Kikubaaqudgha.
  2366 | D:3      | Reached skill level 6 in Axes
  2859 | D:4      | Found a blossoming altar of Fedhas.
  2929 | D:4      | Found a staircase to the Ecumenical Temple.
  2991 | D:4      | Reached skill level 7 in Axes
  2991 | D:4      | Reached XP level 6. HP: 43/52 MP: 6/6
  3182 | D:4      | Became a worshipper of Beogh the Brigand
  3287 | Temple   | Entered the Ecumenical Temple
  3287 | Temple   | Found a transporter.
  3287 | Temple   | Found a transporter.
  3289 | Temple   | Found a transporter.
  3289 | Temple   | Found a transporter.
  3332 | D:5      | Entered Level 5 of the Dungeon
  3345 | D:5      | Identified the +7 hand axe of the Goat {elec, rElec rN+
                  | Str-4 Int+4 Stlth+}
  3384 | D:4      | Reached skill level 1 in Invocations
  3529 | D:5      | Reached skill level 8 in Axes
  3579 | D:5      | Reached XP level 7. HP: 60/60 MP: 8/8
  3702 | D:5      | Identified the +0 cloak of Catatonia {Fly rElec rC-}
  3937 | D:5      | Reached skill level 5 in Fighting
  3937 | D:5      | Reached skill level 9 in Axes
  4222 | D:5      | Reached XP level 8. HP: 68/68 MP: 11/11
  4352 | D:6      | Reached skill level 5 in Invocations
  4355 | D:6      | Found a glowing golden altar of the Shining One.
  4364 | D:6      | Reached * piety under Beogh
  4543 | D:6      | Reached skill level 10 in Axes
  4994 | D:6      | Found a basalt altar of Yredelemnul.
  5287 | D:7      | Found a shadowy altar of Dithmenos.
  5403 | D:7      | Reached skill level 11 in Axes
  5403 | D:7      | Reached XP level 9. HP: 74/74 MP: 14/14
  5544 | D:7      | Found Ising's Overcharged Wands.
  6140 | D:8      | Noticed a cyclops
  6161 | D:8      | Hit by a large rock thrown by a cyclops

Illustrated notes

Levels and vault maps discovered:
D:1:      dpeg_arrival_short_road, layout_loops_ring,
          hellmonk_ecumenical_altar_zigzags, minmay_misc_feat_alley
D:2:      layout_basic, moated_statue, st_stairs_2
D:3:      layout_basic, general_overflow_altar, mainiacjoe_overflow_alcove_4,
          chequers_serial_rivers_micro_c
D:4:      layout_rooms, lemuel_doored_altar, minmay_temple_entry_purple_smoke
D:5:      layout_cave_pools, serial_glass, glass_columns_a, glass_columns_a,
          kennysheep_generic_room_4
D:6:      layout_cave_pools, lemuel_crystal_altar, mainiacjoe_overflow_catwalk
D:7:      layout_basic, grunt_dithmenos_smoke, nicolae_shop_overcharged_wands
D:8:      layout_loops_ring, erik_lair_orcish_takeover, serial_glass,
          glass_columns_a, glass_columns_b, glass_columns_a, glass_columns_c,
          kb_rosetta
Temple:   hellmonk_temple_divided_pantheon

Skill      XL: |  1  2  3  4  5  6  7  8  9 |
---------------+----------------------------+-----
Axes           | 3 4 5 7 8 9 11 | 11.4
Fighting       | 4 5 |  5.1
Armour         | 4 |  4.0
Shields        | 4 |  4.0
Invocations    | 2 4 7 8 |  8.5

Action                     |  1- 3 |  4- 6 |  7- 9 || total
---------------------------+-------+-------+-------++-------
  Melee: War axe           |    94 |   140 |       ||   234
         Hand axe          |       |    16 |   154 ||   170
  Throw: Dart              |       |       |     6 ||     6
         Boomerang         |       |       |     1 ||     1
 Invoke: Convert to Beogh  |       |     1 |       ||     1
  Evoke: Wand              |       |       |     3 ||     3
    Use: Scroll            |       |       |     5 ||     5
 Armour: Plate armour      |    59 |   100 |    73 ||   232
         Scale mail        |     6 |       |       ||     6
  Dodge: Dodged            |    35 |    45 |    44 ||   124
  Block: Buckler           |    23 |    37 |    33 ||    93
